 Dungeon Crawl Stone Soup version 0.19.0-9-gfd783f2 (webtiles) character file.

728 ErikD the Chopper (level 7, -3/63 HPs)
             Began as a Minotaur Berserker on Nov 8, 2016.
             Was a Priest of Trog.
             Slain by an orc wizard
             ... wielding a +0 dagger
              (6 damage)
             ... on level 5 of the Dungeon.
             The game lasted 00:15:54 (3763 turns).

ErikD the Chopper (Minotaur Berserker)              Turns: 3763, Time: 00:15:56

Health: -3/63      AC:  2    Str: 22    XL:     7   Next: 44%
Magic:  6/6        EV: 14    Int:  4    God:    Trog [***...]
Gold:   289        SH:  0    Dex: 11    Spells: 0 memorised, 6 levels left

rFire  . . .     SeeInvis .     a - +0 hand axe
rCold  . . .     Gourm    .     b - +0 animal skin
rNeg   . . .     Faith    +     (no shield)
rPois  .         Spirit   .     (helmet restricted)
rElec  .         Reflect  .     (no cloak)
rCorr  .         Harm     .     (no gloves)
MR     .....                    (no boots)
Stlth  ++........               u - amulet of faith
                                (no ring)
                                (no ring)

@: exhausted
A: retaliatory headbutt, horns 2
a: Berserk, Trog's Hand, Burn Spellbooks, Renounce Religion


You were on level 5 of the Dungeon.
You worshipped Trog.
Trog was most pleased with you.
You were not hungry.

You visited 1 branch of the dungeon, and saw 5 of its levels.
You also visited: Sewer.

You collected 289 gold pieces.

Inventory:

Hand Weapons
 a - a +0 hand axe (weapon)
Missiles
 t - 3 tomahawks (quivered)
 v - 2 needles of paralysis
Armour
 b - a +0 animal skin (worn)
Jewellery
 u - an amulet of faith (around neck)
Scrolls
 d - 2 scrolls of remove curse
 e - a scroll of blinking {unknown}
 h - 2 scrolls of random uselessness {unknown}
 i - a scroll of immolation {unknown}
 j - 4 scrolls of identify
 k - a scroll of teleportation
 l - 2 scrolls of enchant weapon {unknown}
 o - 2 scrolls of magic mapping {unknown}
 r - a scroll of fear {unknown}
 w - a scroll of fog {unknown}
Potions
 g - 3 potions of curing
 n - a potion of mutation {unknown}
 p - 2 potions of berserk rage {unknown}
 x - 2 potions of flight {unknown}
Comestibles
 c - a bread ration
 f - 3 meat rations
 m - a slice of pizza
 s - 3 fruits
 z - 2 beef jerkies


   Skills:
 + Level 6.1 Fighting
 + Level 7.6 Axes
 + Level 2.6 Armour
 + Level 4.8 Dodging
 + Level 1.1 Stealth


You had 6 spell levels left.
You didn't know any spells.

Dungeon Overview and Level Annotations

Branches:
Dungeon (5/15)             Temple (0/1) D:4

Altars:

Annotations:
D:4 Menkaure


Innate Abilities, Weirdness & Mutations

You reflexively headbutt those who attack you in melee.
You have a pair of horns on your head.


Message History

* * * LOW HITPOINT WARNING * * *
You see here an orc corpse.
You closely miss the orc wizard. You hit the orc.
The orc wizard closely misses you. The orc misses you.
You hit the orc wizard but do no damage.
You closely miss the orc. The orc wizard hits you with a dagger.
* * * LOW HITPOINT WARNING * * *
You hit the orc wizard.
The orc wizard is moderately wounded.
You hit the orc. The orc hits you.
* * * LOW HITPOINT WARNING * * *
The orc wizard hits you with a dagger.
* * * LOW HITPOINT WARNING * * *
You hit the orc wizard.
The orc wizard is severely wounded.
You hit the orc.
You kill the orc!
Trog accepts your kill. The orc wizard hits you with a dagger.
You die...

.......#.o..##..'............####
.......###'###..#............#...
......o'....##..#########+####...
.......#.......... #.......#...
.......#.......... #.......#...
.......#.##.###..## .##....# #...
###########.###..##..##<...###...
#.....o[...#........... #....)@#
#...........
##+####'############.##.
#................ ##### ...
#........)....... ....
#......$.).......
....#+##................
........................
.............#########+##
.............#..........#


You could see an orc wizard.

Vanquished Creatures
  Grinder (D:3)
  Duvessa (D:5)
  A crocodile (Sewer)
  Dowan (D:5)
  A centaur zombie (D:3)
  2 hounds
  An orc wizard (D:4)
  A worker ant (D:4)
  5 adders
  2 oozes
  A worm (D:2)
  2 dart slugs
  3 leopard geckos
  20 orcs
  10 bats
  6 giant cockroaches
  6 goblins
  8 hobgoblins
  2 quokkas
  2 ball pythons
  5 frilled lizards
  A jackal skeleton (D:4)
  5 kobolds
  4 rats
91 creatures vanquished.

Vanquished Creatures (others)
  An orc wizard (D:5)
1 creature vanquished.

Grand Total: 92 creatures vanquished

Notes
Turn   | Place    | Note
-------+----------+-------------------------------------------
     0 | D:1      | ErikD the Minotaur Berserker began the quest for the Orb.
     0 | D:1      | Reached XP level 1. HP: 19/19 MP: 0/0
   346 | D:1      | Reached XP level 2. HP: 24/27 MP: 1/1
   456 | D:1      | Reached skill level 4 in Axes
   538 | D:1      | Reached XP level 3. HP: 33/33 MP: 2/2
   984 | D:2      | Reached ** piety under Trog
  1450 | D:3      | Reached XP level 4. HP: 38/41 MP: 3/3
  1653 | D:3      | Reached skill level 5 in Axes
  1671 | D:3      | Noticed Grinder
  1682 | D:3      | Killed Grinder
  1682 | D:3      | Reached skill level 5 in Fighting
  1682 | D:3      | Reached skill level 6 in Axes
  1682 | D:3      | Reached XP level 5. HP: 48/48 MP: 4/4
  1682 | D:3      | Reached XP level 6. HP: 56/56 MP: 5/5
  2152 | D:4      | Found a staircase to the Ecumenical Temple.
  2260 | D:4      | Found a glowing drain.
  2268 | Sewer    | Entered a sewer
  2863 | D:4      | Noticed Menkaure
  2906 | D:4      | Reached XP level 7. HP: 62/62 MP: 6/6
  2913 | D:4      | Reached skill level 7 in Axes
  3322 | D:5      | Entered Level 5 of the Dungeon
  3383 | D:5      | Noticed Dowan
  3384 | D:5      | Noticed Duvessa
  3417 | D:5      | HP: 2/63 [orc/falchion (3)]
  3724 | D:5      | Killed Dowan
  3731 | D:5      | Killed Duvessa
  3731 | D:5      | Reached *** piety under Trog
  3731 | D:5      | Reached skill level 1 in Stealth
  3762 | D:5      | HP: 3/63 [orc wizard/dagger (2)]
  3763 | D:5      | Slain by an orc wizard

Skill      XL: |  1  2  3  4  5  6  7 |
---------------+----------------------+-----
Fighting       | 4 5 6 |  6.1
Axes           | 4 6 7 |  7.6
Dodging        | 3 4 |  4.8
Stealth        | 1 |  1.1
Armour         | |  2.6

Action                   |  1- 3 |  4- 6 |  7- 9 || total
-------------------------+-------+-------+-------++-------
Melee: Hand axe          |    67 |   101 |    41 ||   209
       Headbutt          |    11 |    11 |     9 ||    31
Invok: Berserk           |       |     2 |     1 ||     3
  Use: Scroll            |       |     2 |     3 ||     5
  Eat: Bread ration      |       |     2 |     1 ||     3
       Chunk             |       |       |     1 ||     1
Armor: Animal skin       |    14 |    15 |     6 ||    35
Dodge: Dodged            |    39 |    63 |    42 ||   144
